 Dungeon Crawl Stone Soup version 0.13-a0-2156-ga9a2eb8 (webtiles) character file.

1829 Change the Basher (level 8, -4/74 HPs)
             Began as an Ogre Skald on June 30, 2013.
             Was an Initiate of Okawaru.
             Slain by a killer bee (7 damage)
             ... on Level 7 of the Dungeon.
             The game lasted 00:30:52 (7648 turns).

Change the Basher (Ogre Skald)                      Turns: 7648, Time: 00:30:52

HP  -4/74        AC  3     Str 20      XL: 8   Next: 89%
MP  21/22        EV  9     Int 11      God: Okawaru [......]
Gold 268         SH  0     Dex  9      Spells:  1 memorised, 10 levels left

Res.Fire  : . . .   See Invis. : .   H - +0 giant club
Res.Cold  : . . .   Warding    : .   b - +0 robe
Life Prot.: . . .   Conserve   : .   (shield restricted)
Res.Poison: .       Res.Corr.  : .   (helmet restricted)
Res.Elec. : .       Clarity    : .   (no cloak)
Sust.Abil.: . .     Spirit.Shd : .   (gloves unavailable)
Res.Mut.  : .       Stasis     : .   (boots unavailable)
Res.Rott. : .       Flight     : .   h - amulet of the gourmand
Gourmand  : +                        (no ring)
                                     j - ring of magical power

@: invisible, mildly poisoned, hasted, very quick, somewhat resistant to hostile
enchantments, very unstealthy
A: unfitting armour, fast metabolism 1, saprovore 1, tough skin 1
a: Renounce Religion


You were on level 7 of the Dungeon.
You worshipped Okawaru.
Okawaru was pleased with you.
You were very full.

You visited 1 branch of the dungeon, and saw 7 of its levels.

You collected 248 gold pieces.

Inventory:

Hand weapons
 q - a +0,+2 short sword of protection
 t - a +4,+4 elven dagger of freezing (quivered)
 H - a +0,+0 giant club (weapon)
Armour
 b - a +0 robe (worn)
Magical devices
 o - a wand of frost (3)
 p - a wand of magic darts (9)
 s - a wand of slowing (8)
Comestibles
 d - 4 meat rations
 n - an orange
 r - 4 apples
 w - 3 pears
 A - a bread ration
Scrolls
 e - 2 scrolls of identify
 g - a scroll of amnesia
 y - a scroll of magic mapping
 D - a scroll of immolation {unknown}
 E - a scroll of recharging
 F - 3 scrolls of teleportation
Jewellery
 h - an amulet of the gourmand (around neck)
 j - a ring of magical power (left hand)
Potions
 f - a potion of brilliance
 k - 2 potions of speed
 l - a potion of invisibility
 m - 2 potions of flight
 u - 2 potions of restore abilities {unknown}
 x - a potion of confusion {unknown}
 z - a potion of might {unknown}
 B - 2 potions of poison {unknown}
 C - a potion of resistance {unknown}
 G - 2 potions of agility {unknown}
Books
 c - a book of Battle

   Spells                             Type                      Level
   *Infusion                          Charms                       1
   Shroud of Golubria                 Charms/Translocation         2
   Song of Slaying                    Charms                       2
   Spectral Weapon                    Hexes/Charms                 3
   Regeneration                       Charms/Necromancy            3
   Song of Shielding                  Charms                       5


   Skills:
 - Level 2.6 Fighting
 + Level 13.1 Maces & Flails
 - Level 1.3 Dodging
 - Level 2.4 Spellcasting
 - Level 2.1 Charms


You had 10 spell levels left.
You knew the following spells:

 Your Spells              Type           Power        Failure   Level  Hunger
a - Infusion              Chrm           #.....       14%         1    ##.....


Dungeon Overview and Level Annotations

Branches:
Dungeon (7/27)             Temple (0/1) D:6
    Orc: D:6-11

Altars:
Cheibriados
Fedhas
Kikubaaqudgha
Okawaru
Trog
Vehumet
Xom
Yredelemnul
Zin

Annotations
D:2 2 exclusions
D:5 Eustachio, Menkaure


Innate Abilities, Weirdness & Mutations

You are too large for most types of armour.
You have a fast metabolism.
You can tolerate rotten meat.
You have tough skin (AC +1).


Message History

Unknown command.
Drink which item? (? for menu, Esc to quit)
Okay, then.
You are too injured to fight recklessly!
You barely miss the killer bee.
* * * LOW HITPOINT WARNING * * *
You feel sick.
You are feeling less magically infused.
The killer bee stings you but does no damage.
Drink which item? (? for menu, Esc to quit)
Okay, then.
You closely miss the killer bee. The killer bee stings you.
* * * LOW HITPOINT WARNING * * *
The killer bee stings you.
* * * LOW HITPOINT WARNING * * *
Unknown command.
Drink which item? (? for menu, Esc to quit)
You fade into invisibility!
It was a potion of invisibility.
The killer bee stings you!
You die...

# ..#### #.. .....# #.#
.#.#.############.##
...................# #...
.#.#...............# #......
..........G........######......
..............................###
....)%..........@...............
.....######.#####k######......###
.....#### #.#####%# ####.........
...)....# #...#...# #..%.........
#..<)##.# ###.#k### #k##.........
....)##.#####.#.#####.##.........
#.#####.......#.......########...
..# ################# .. .##
....#....


You could see a giant eyeball and a killer bee.

Vanquished Creatures
  A black bear (D:6)
  An ogre (D:6)
  2 phantoms (D:5)
  Duvessa (D:4)
  A giant frog (D:6)
  2 killer bees (D:7)
  An ogre zombie (D:6)
  Dowan (D:4)
  A hound (D:5)
  A quasit (D:4)
  2 orc priests (D:4)
  A gnoll shaman (D:7)
  2 crimson imps (D:5)
  An iguana (D:5)
  2 worker ants
  2 scorpions
  2 orc wizards (D:5)
  2 worker ant zombies (D:7)
  Ijyb (D:5)
  Jessica (D:2)
  13 gnolls
  7 adders
  4 worms
  4 giant geckos
  An ooze (D:6)
  9 orcs
  9 bats
  9 hobgoblins
  4 jackals (D:2)
  3 quokkas
  A ball python (D:1)
  7 giant cockroaches
  A giant gecko skeleton (D:6)
  3 giant newts
  A giant spore (D:6)
  9 goblins
  10 kobolds
  A quokka skeleton (D:3)
  12 rats
  2 ballistomycetes (D:6)
138 creatures vanquished.

Vanquished Creatures (others)
  A kobold (D:2)
  A goblin (D:2)
  A rat (D:4)
3 creatures vanquished.

Grand Total: 141 creatures vanquished

Notes
Turn   | Place    | Note
--------------------------------------------------------------
     0 | D:1      | Change, the Ogre Skald, began the quest for the Orb.
     0 | D:1      | Reached XP level 1. HP: 20/20 MP: 2/2
    80 | D:1      | Reached skill level 3 in Maces & Flails
   274 | D:1      | Reached XP level 2. HP: 26/28 MP: 3/4
   733 | D:2      | Reached skill level 4 in Maces & Flails
   745 | D:2      | Reached XP level 3. HP: 28/35 MP: 5/5
  1094 | D:2      | Reached skill level 5 in Maces & Flails
  1307 | D:2      | Reached XP level 4. HP: 37/44 MP: 7/7
  1408 | D:2      | Noticed Jessica
  1432 | D:2      | Killed Jessica
  1556 | D:2      | Noticed a moth of wrath
  1558 | D:2      | Found a bloodstained altar of Trog.
  1582 | D:2      | Reached skill level 6 in Maces & Flails
  2460 | D:3      | Reached XP level 5. HP: 44/50 MP: 9/9
  2762 | D:3      | Reached skill level 7 in Maces & Flails
  3409 | D:4      | Reached skill level 8 in Maces & Flails
  3409 | D:4      | Reached XP level 6. HP: 31/58 MP: 10/10
  3566 | D:4      | Found a basalt altar of Yredelemnul.
  3583 | D:4      | Noticed Dowan
  3584 | D:4      | Noticed Duvessa
  3602 | D:4      | Killed Dowan
  3655 | D:4      | Killed Duvessa
  3934 | D:4      | Reached skill level 9 in Maces & Flails
  4066 | D:4      | Found a shimmering altar of Xom.
  4223 | D:4      | Reached XP level 7. HP: 45/66 MP: 12/12
  4415 | D:4      | Found a blossoming altar of Fedhas.
  4519 | D:5      | Entered Level 5 of the Dungeon
  4727 | D:5      | Noticed Eustachio
  5091 | D:5      | Reached skill level 10 in Maces & Flails
  5262 | D:5      | Found a radiant altar of Vehumet.
  5727 | D:5      | Noticed Ijyb
  5736 | D:5      | Killed Ijyb
  5736 | D:5      | Reached skill level 11 in Maces & Flails
  6127 | D:5      | Reached XP level 8. HP: 53/74 MP: 13/13
  6180 | D:5      | Found an ancient bone altar of Kikubaaqudgha.
  6224 | D:5      | Noticed Menkaure
  6441 | D:6      | Found a snail-covered altar of Cheibriados.
  6522 | D:6      | Found a glowing silver altar of Zin.
  6603 | D:6      | Reached skill level 12 in Maces & Flails
  6831 | D:6      | Found an iron altar of Okawaru.
  6837 | D:6      | Became a worshipper of Warmaster Okawaru
  6933 | D:6      | Found a staircase to the Ecumenical Temple.
  7631 | D:7      | Reached skill level 13 in Maces & Flails
  7643 | D:7      | Paralysed by a giant eyeball for 3 turns
  7647 | D:7      | HP: 3/74 [killer bee (6)]
  7648 | D:7      | Slain by a killer bee

Action                   |  1- 3 |  4- 6 |  7- 9 || total
-------------------------+-------+-------+-------++-------
Melee: Mace              |    63 |       |   155 ||   218
       Hammer            |    38 |   229 |     6 ||   273
       Giant club        |       |       |    62 ||    62
Throw: Dagger            |       |       |     1 ||     1
 Cast: Infusion          |     6 |    30 |    35 ||    71
Evoke: Wand              |       |     4 |     9 ||    13
  Use: Potion            |     1 |     2 |     4 ||     7
       Scroll            |     3 |     6 |     2 ||    11
 Stab: Sleeping          |       |       |     1 ||     1
